 Dungeon Crawl Stone Soup version 0.27.1-34-g3ba077fa99 (webtiles) character file.

Game seed: 10339170124729341483

334 copperbird31 the Chiller (level 6, -2/43 HPs)
             Began as a Merfolk Ice Elementalist on Jan 10, 2022.
             Was a Follower of Nemelex Xobeh.
             Slain by a scorpion (4 damage)
             ... on level 5 of the Dungeon.
             The game lasted 00:25:16 (4384 turns).

copperbird31 the Chiller (Merfolk Ice Elementalist) Turns: 4384, Time: 00:25:18

Health: -2/43      AC:  9    Str:  8    XL:     6   Next: 53%
Magic:  2/11       EV: 14    Int: 17    God:    Nemelex Xobeh [*.....]
Gold:   94         SH:  0    Dex: 14    Spells: 1/12 levels left

rFire    . . .     SeeInvis .   q - +1 flail (drain)
rCold    . . .     Faith    .   (no shield)
rNeg     . . .     Spirit   .   a - +0 robe
rPois    .         Reflect  .   (no helmet)
rElec    .         Harm     .   (no cloak)
rCorr    .         Rampage  .   (no gloves)
Will     +....     Rnd*Tele +   n - +0 pair of boots
Stlth    ++........             (no amulet)
HPRegen  0.14/turn              t - ring of willpower
MPRegen  0.12/turn              (no ring)

@: lethally poisoned (-2 -> -12), ice-armoured, freezing walls, very slightly
contaminated
A: (nimble swimmer 2), mertail, teleportitis 1
a: Renounce Religion, Draw Escape, Draw Destruction, Draw Summoning


You were on level 5 of the Dungeon.
You worshipped Nemelex Xobeh.
Nemelex Xobeh was aware of your devotion.
You visited 1 branch of the dungeon, and saw 5 of its levels.

You collected 130 gold pieces.
You spent 36 gold pieces at shops.

Inventory:

Hand Weapons
 d - a +0 whip
 i - a +0 flail
 j - a +0 short sword
 l - a +0 spear
 q - a +1 flail of draining (weapon)
Missiles
 b - 35 arrows
 e - 92 stones
 g - 4 curare-tipped darts
 k - 14 bolts
 o - 17 sling bullets
 s - 18 poisoned darts
 u - 4 boomerangs
Armour
 a - a +0 robe (worn)
 f - a +0 ring mail
 n - a +0 pair of boots (worn)
Jewellery
 t - a ring of willpower (left hand)
Wands
 r - a wand of flame (10)
Scrolls
 c - 2 scrolls of teleportation {unknown}
 h - a scroll of amnesia
 v - a scroll of blinking {unknown}
Potions
 p - a potion of heal wounds


   Skills:
 + Level 1.0 Fighting
 + Level 0.8 Short Blades
 + Level 1.6 Maces & Flails
 + Level 4.8 Dodging
 + Level 2.8 Stealth
 + Level 3.5 Spellcasting
 + Level 5.5 Ice Magic


You had one spell level left.
You knew the following spells:

 Your Spells              Type           Power      Damage    Failure   Level
a - Freeze                Ice            88%        1d10      1%          1
b - Frozen Ramparts       Ice            44%        1d6       4%          3
c - Ozocubu's Armour      Ice            22%        N/A       4%          3
d - Hailstorm             Conj/Ice       12%        3d5       45%         4

Your spell library contained the following spells:

 Spells                   Type           Power      Damage    Failure   Level
 Summon Small Mammal      Summ           12%        N/A       17%         1
 Call Canine Familiar     Summ           3%         N/A       45%         3
 Summon Guardian Golem    Hex/Summ       3%         N/A       45%         3


Dungeon Overview and Level Annotations

Branches:
Dungeon (5/15)
 Temple: D:4-7

Altars:
Nemelex Xobeh
Ru
Lugonu

Shops:
D:4 (

Portals:
Abyss: D:4


Innate Abilities, Weirdness & Mutations

((You are quick and stealthy near water. (Stealth+, EV+, Speed+++)))
Your lower body shifts to a powerful aquatic tail in water.
You are occasionally teleported next to monsters.


Message History

Aiming: Freeze (safe; 1% risk of failure)
Press: ? - help, Shift-Dir - straight line, f/p - sky beast
Aim: a sky beast You freeze the sky beast!
The sky beast is heavily wounded.
You feel sick. The sky beast closely misses you.
The scorpion barely misses you.
Casting: Freeze (safe; 1% risk of failure)
Confirm with . or Enter, or press ? or * to list all spells.
Aiming: Freeze (safe; 1% risk of failure)
Press: ? - help, Shift-Dir - straight line, f/p - sky beast
Aim: a sky beast (heavily wounded)
You freeze the sky beast.
The sky beast is heavily wounded.
You feel sick. The scorpion stings you.
You are lethally poisoned!
The scorpion poisons you!
The sky beast hits you but does no damage.
The scorpion stings you.
* * * LOW HITPOINT WARNING * * *
Casting: Freeze (safe; 1% risk of failure)
Confirm with . or Enter, or press ? or * to list all spells.
Casting: Frozen Ramparts (dangerous; 4% risk of failure)
Press: ? - help, Dir - look around, f - activate The walls around you are covered in ice.
* * * LOW HITPOINT WARNING * * *
You feel very sick. The sky beast closely misses you.
The wall freezes the scorpion.
The scorpion closely misses you.
Your frozen ramparts will break if you move.
Continue?
Okay, then.
Casting: Frozen Ramparts (dangerous; 4% risk of failure)
Confirm with . or Enter, or press ? or * to list all spells.
A film of ice covers your body!
* * * LOW HITPOINT WARNING * * *
You feel very sick. The sky beast barely misses you.
The wall freezes the scorpion.
The scorpion stings you.
You die...
Your body disappears without a glow.

..............#
..............#.#
...$..........#.# .
..............#.##.
.......!..........
..............#.#
................#
.............Y..#
.......(.....s@.#
.............##.#
...........?.# .#
.............# .#
.............# .#
............# .#
...........# ..
..........# ..
.........#


You could see a sky beast and a scorpion.

Vanquished Creatures
  A phantom (D:4)
  Terence (D:2)
  An iguana (D:4)
  Natasha (twice) (D:2)
  A hound skeleton (D:4)
  5 gnolls
  2 adders
  An adder zombie (D:5)
  2 worms
  3 dart slugs (D:3)
  5 orcs
  5 endoplasms
  4 giant cockroaches
  2 goblins (D:4)
  4 hobgoblins
  2 jackals (D:4)
  2 quokkas (D:4)
  6 ball pythons
  7 bats
  2 frilled lizards
  4 kobolds
  2 rats
  2 lurking horrors (D:4)
66 creatures vanquished.

Vanquished Creatures (others)
  A lurking horror (D:4)
1 creature vanquished.

Grand Total: 67 creatures vanquished

Notes
Turn   | Place    | Note
-------+----------+-------------------------------------------
     0 | D:1      | copperbird31 the Merfolk Ice Elementalist began the quest
                  | for the Orb.
     0 | D:1      | Reached XP level 1. HP: 13/13 MP: 3/3
   177 | D:1      | Reached XP level 2. HP: 11/19 MP: 0/5
   732 | D:2      | Reached XP level 3. HP: 22/24 MP: 3/6
   736 | D:2      | Learned a level 3 spell: Frozen Ramparts
   741 | D:2      | Reached skill level 5 in Ice Magic
  1102 | D:2      | Noticed Natasha
  1108 | D:2      | Killed Natasha
  1109 | D:2      | Reached XP level 4. HP: 30/30 MP: 2/8
  1402 | D:2      | Noticed Terence
  1421 | D:2      | Killed Terence
  1840 | D:2      | Noticed Natasha
  1853 | D:2      | Killed Natasha
  1854 | D:2      | Reached XP level 5. HP: 29/35 MP: 7/9
  1955 | D:3      | Learned a level 3 spell: Ozocubu's Armour
  2229 | D:3      | Found a sparkling altar of Nemelex Xobeh.
  2239 | D:3      | Became a worshipper of Nemelex Xobeh the Trickster
  2562 | D:3      | Found a large runed translucent door.
  2566 | D:3      | Found a large runed translucent door.
  2777 | D:3      | Found a sacrificial altar of Ru.
  3240 | D:4      | Found Qohogiji's Weapon Shop.
  3243 | D:4      | Bought 9 poisoned darts for 36 gold pieces
  3275 | D:4      | Found a one-way gate to the infinite horrors of the Abyss.
  3282 | D:4      | Found a corrupted altar of Lugonu.
  3299 | D:4      | Gained mutation: You are occasionally teleported next to
                  | monsters. [potion of mutation]
  3493 | D:4      | Noticed a phantom
  3519 | D:4      | Killed a phantom
  3520 | D:4      | Reached skill level 1 in Maces & Flails
  3520 | D:4      | Reached XP level 6. HP: 3/42 MP: 8/11
  3846 | D:4      | Learned a level 4 spell: Hailstorm
  4036 | D:4      | Reached skill level 1 in Fighting
  4323 | D:5      | Entered Level 5 of the Dungeon
  4361 | D:5      | Noticed a sky beast
  4373 | D:5      | Reached * piety under Nemelex Xobeh
  4384 | D:5      | HP: 2/43 [poisoned by a scorpion]
  4384 | D:5      | Slain by a scorpion

Illustrated notes

Levels and vault maps discovered:
D:1:      zelgadis_glass_arrival_small, layout_loops_ring,
          chequers_ecumenical_altar_island
D:2:      wad_crossroads, layout_basic, corexii_shack, minmay_hedge_maze,
          uniq_terence, uniq_natasha
D:3:      layout_loops_ring, amcnicky_altar_gilded,
          mainiacjoe_overflow_surrounded_room, jmf_multi_god_temple2
D:4:      layout_basic, serial_shops, shop, amcnicky_altar_lugonu_corruption,
          uniq_robin
D:5:      layout_basic

Skill      XL: |  1  2  3  4  5  6 |
---------------+-------------------+-----
Ice Magic      | 5 |  5.5
Spellcasting   | 3 |  3.5
Dodging        | 4 |  4.8
Maces & Flails | 1 |  1.6
Fighting       | 1 |  1.0
Short Blades   | |  0.8
Stealth        | |  2.8

Action                   |  1- 3 |  4- 6 || total
-------------------------+-------+-------++-------
Melee: Short sword       |     9 |     8 ||    17
       Flail             |       |    79 ||    79
 Cast: Freeze            |    33 |    28 ||    61
       Frozen Ramparts   |       |     5 ||     5
       Ozocubu's Armour  |       |     1 ||     1
  Use: Scroll            |       |     3 ||     3
       Potion            |       |     4 ||     4
 Stab: Sleeping          |       |     3 ||     3
Armor: Robe              |     8 |    19 ||    27
Dodge: Dodged            |    25 |   115 ||   140
